 Dungeon Crawl Stone Soup version 0.29-a0-333-gb4c28e87c6 (webtiles) character file.

Game seed: 9379558950035218937

70 Jortsu the Skirmisher (level 4, 0/35 HPs)
             Began as a Demonspawn Fighter on Apr 13, 2022.
             Slain by Sigmund
             ... wielding a +0 scythe
              (8 damage)
             ... on level 3 of the Dungeon.
             The game lasted 00:03:01 (2409 turns).

Jortsu the Skirmisher (Demonspawn Fighter)          Turns: 2409, Time: 00:03:02

Health: 0/35       AC: 11    Str: 19    XL:     4   Next: 3%
Magic:  4/4        EV:  9    Int:  9    God:
Gold:   64         SH:  5    Dex: 12    Spells: 3/3 levels left

rFire   . . .      SeeInvis .   a - +0 war axe (freeze)
rCold   . . .      Faith    .   c - +1 buckler
rNeg    . . .      Spirit   .   b - +0 scale mail
rPois   +          Reflect  .   (helmet restricted)
rElec   .          Harm     .   j - +2 cloak {rPois}
rCorr   .          Rampage  .   (no gloves)
Will    .....                   r - +0 pair of boots
Stlth   ..........              (no amulet)
HPRegen 0.11/turn               (no ring)
MPRegen 0.09/turn               (no ring)

@: mighty
A: horns 1, demonic magic 1
a: no special abilities


You were on level 3 of the Dungeon.
You visited 1 branch of the dungeon, and saw 3 of its levels.

You collected 64 gold pieces.

Inventory:

Hand Weapons
 a - a +0 war axe of freezing (weapon)
Armour
 b - a +0 scale mail (worn)
 c - a +1 buckler (worn)
 j - a +2 cloak of poison resistance (worn)
 r - a +0 pair of boots (worn)
Scrolls
 s - 2 scrolls of summoning
Potions
 e - a potion of curing
 f - a potion of brilliance
 g - a potion of mutation
 h - a potion of lignification
 i - a potion of attraction
 k - 2 potions of haste {unknown}
 o - 2 potions of flight {unknown}
 p - a potion of invisibility {unknown}


   Skills:
 + Level 3.5 Fighting
 + Level 2.7 Axes
 + Level 3.0 Armour
 + Level 0.6 Dodging
 + Level 0.1 Stealth
 + Level 3.0 Shields


You had 3 spell levels left.
You didn't know any spells.
Your spell library contained the following spells:

 Spells                   Type           Power      Damage    Failure   Level
 Slow                     Hex            0%         N/A       85%         1
 Static Discharge         Conj/Air       0%         N/A       94%         2
 Confusing Touch          Hex            0%         N/A       99%         3
 Vampiric Draining        Necr           0%         2d6       99%         3
 Dispel Undead            Necr           0%         3d6       100%        4
 Sticky Flame             Conj/Fire      0%         2d3       100%        4


Dungeon Overview and Level Annotations

Branches:
Dungeon (3/15)

Altars:

Shops:
D:2 ?*

Annotations:
D:3 Sigmund


Innate Abilities, Weirdness & Mutations

You have a pair of small horns on your head.
Spells you cast may paralyse adjacent enemies.


Message History

A rat comes into view.
Sigmund the Dreaded comes into view.
He is wielding a +0 scythe and wearing a +1 robe of cold resistance.
Sigmund shouts!
Sigmund screams, "Don't try to resist!"
You feel very mighty all of a sudden.
Sigmund mumbles some strange words.
Sigmund flickers and vanishes!
Deactivating autopickup; reactivate with Ctrl-A.
The rat attacks as you move away! The rat barely misses you.
Something hits you but does no damage. The rat attacks as you move away!
The rat closely misses you.
You hear some strange, mumbled words.
You are confused.
You slice the rat!! You freeze the rat.
You kill the rat!
You miss something. Something hits you but does no damage. Something hits you.
You're too confused to move!
Something completely misses you.
You hear some strange, mumbled words.
Something tries to affect you, but you resist.
You bump into the rock wall.
You hear some strange, mumbled words.
A puff of flame appears from out of thin air!
The puff of flame hits you.
You feel less confused. Something hits you. Something hits you!
You miss something.
You hear the slow rusting of a very distant drain.
Something hits you.
You closely miss something. Something hits you but does no damage.
You miss something. You slash something! You freeze something.
Something hits you.
* * * LOW HITPOINT WARNING * * *
You miss something. Something hits you but does no damage.
You closely miss something. You block something's attack.
You miss something. Your headbutt misses something.
Something hits you but does no damage.
You slash something! Something hits you!
You die...

##...## #.#.#
##...# #.#.#
#...###.#.#######..
##...##.#..........
#...##......# .#
##...##...#.# .#
#...##...#.## .#
#...#....#{†# .#
##.......##@##.#
##########..#.##
##....# #...##
#...# #...# #...#
#.... ###..#


There were no monsters in sight!

Vanquished Creatures
  2 adders (D:2)
  3 dart slugs (D:2)
  5 bats (D:2)
  7 endoplasms
  4 giant cockroaches
  4 hobgoblins
  A quokka (D:2)
  A ball python (D:1)
  3 frilled lizards (D:1)
  5 goblins
  4 kobolds
  4 rats
43 creatures vanquished.

Notes
Turn   | Place    | Note
-------+----------+-------------------------------------------
     0 | D:1      | Jortsu the Demonspawn Fighter began the quest for the Orb.
     0 | D:1      | Reached XP level 1. HP: 18/18 MP: 1/1
   432 | D:1      | Gained mutation: You have a pair of small horns on your
                  | head. [demonic ancestry]
   432 | D:1      | Reached XP level 2. HP: 22/24 MP: 2/2
  1339 | D:2      | Gained mutation: Spells you cast may paralyse adjacent
                  | enemies. [demonic ancestry]
  1339 | D:2      | Reached XP level 3. HP: 27/29 MP: 3/3
  1379 | D:2      | Found Sezyriho's General Store.
  1398 | D:2      | Found Fonkuoro's Magic Scroll Shoppe.
  2185 | D:2      | Reached XP level 4. HP: 35/35 MP: 4/4
  2388 | D:3      | Noticed Sigmund
  2409 | D:3      | Slain by Sigmund

Illustrated notes

Levels and vault maps discovered:
D:1:      minmay_arrival_split_and_join, layout_basic
D:2:      layout_basic, serial_shops, shop, nicolae_diamond_shop
D:3:      layout_basic, hellmonk_ecumenical_altar_slurped_away, serial_curves,
          eino_curves_04, eino_curves_01, eino_curves_04, portal_sewer_entry_e,
          uniq_sigmund

Skill      XL: |  1  2  3 |
---------------+----------+-----
Axes           | 2 |  2.7
Armour         | 3 |  3.0
Shields        | 3 |  3.0
Fighting       | |  3.5
Dodging        | |  0.6
Stealth        | |  0.1

Action                   |  1- 3 |  4- 6 || total
-------------------------+-------+-------++-------
Melee: War axe           |   103 |    10 ||   113
       Headbutt          |    13 |       ||    13
  Use: Scroll            |     4 |     6 ||    10
       Potion            |       |     1 ||     1
Armor: Scale mail        |    60 |     5 ||    65
Dodge: Dodged            |    41 |     3 ||    44
Block: Buckler           |    26 |     1 ||    27

Table legend: (Time is in decaauts)
 A = Elapsed time spent in this place.
 B = Non-inter-level travel time spent in this place.
 C = Inter-level travel time spent in this place.
 D = Time resting spent in this place.
 E = Time spent auto-exploring this place.
 F = Levels seen in this place.
 G = Mean time per level.
                   A        B        C        D        E       F      G
               +--------+--------+--------+--------+--------+-----+--------+
         Total |   2456 |   2436 |     20 |    244 |   1746 |   3 |  818.7 |
       Dungeon |   2456 |   2436 |     20 |    244 |   1746 |   3 |  818.7 |
               +--------+--------+--------+--------+--------+-----+--------+

Top non-repeatable levels by time:
     D:1: 1345 daAuts
     D:2: 950 daAuts
     D:3: 160 daAuts
